 Dungeon Crawl Stone Soup version 0.30-a0-1066-g63dfefce0d (webtiles) character file.

Game seed: 4987403940747027669

203 BlueFish the Sneak (level 5, 0/36 HPs)
             Began as an Octopode Fighter on Apr 12, 2023.
             Slain by a gnoll
             ... wielding a +0 flail
              (11 damage)
             ... on level 3 of the Dungeon.
             The game lasted 00:02:47 (1588 turns).

BlueFish the Sneak (Octopode Fighter)               Turns: 1588, Time: 00:02:48

Health: 0/36       AC:  1    Str: 17    XL:     5   Next: 81%
Magic:  5/5        EV: 13    Int: 10    God:
Gold:   162        SH:  4    Dex: 12    Spells: 4/4 levels left

rFire   . . .      SeeInvis .    a - +0 flail
rCold   . . .      Faith    .    b - +0 buckler
rNeg    . . .      Spirit   .    (helmet restricted)
rPois   .          Reflect  .    (no amulet)
rElec   .          Rampage  .    (no ring)
rCorr   .                        (no ring)
Will    .....                    (no ring)
Stlth   +++                      (no ring)
HPRegen 0.26/turn                (no ring)
MPRegen 0.09/turn                (no ring)
                                 (no ring)
                                 (no ring)

@: no status effects
A: almost no armour, amphibious, 8 rings, camouflage 1, gelatinous body 1,
(nimble swimmer 1), tentacles
a: no special abilities


You were on level 3 of the Dungeon.
You visited 1 branch of the dungeon, and saw 3 of its levels.

You collected 162 gold pieces.

Inventory:

Hand Weapons
 a - a +0 flail (weapon)
Missiles
 d - 9 stones (quivered)
 e - 7 poisoned darts
Armour
 b - a +0 buckler (worn)
Jewellery
 s - a ring of poison resistance
Wands
 m - a wand of polymorph (3)
Scrolls
 f - 2 scrolls of enchant armour {unknown}
 g - a scroll of amnesia {unknown}
 h - a scroll of teleportation {unknown}
 i - a scroll of identify {unknown}
 k - a scroll of fear {unknown}
 l - a scroll of magic mapping {unknown}
 p - a scroll of noise {unknown}
Potions
 c - 2 potions of might
 j - 2 potions of berserk rage {unknown}
 n - 3 potions of attraction {unknown}
 o - 2 potions of curing {unknown}
 q - a potion of brilliance {unknown}
 r - a potion of degeneration {unknown}


   Skills:
 + Level 3.6 Fighting
 + Level 2.7 Maces & Flails
 + Level 1.7 Throwing
 + Level 3.5 Dodging
 * Level 4.1 Stealth
 + Level 3.6 Shields


You had 4 spell levels left.
You didn't know any spells.
Your spell library contained the following spells:

 Spells                   Type           Power      Damage    Failure   Level
 Hailstorm                Conj/Ice       0%         3d3       83%         3
 Ice Form                 Ice/Tmut       0%         N/A       99%         4
 Simulacrum               Ice/Necr       0%         N/A       100%        6


Dungeon Overview and Level Annotations

Branches:
Dungeon (3/15)

Altars:
Elyvilon

Shops:
D:1 =


Innate Abilities, Weirdness & Mutations

You cannot wear most types of armour.
You are amphibious.
You can wear up to eight rings at the same time.
Your skin changes colour to match your surroundings (Stealth+).
Your rubbery body absorbs attacks. (AC +1, EV +1)
((You are camouflaged when in or above water. (Stealth+)))
You have tentacles for arms and can constrict up to eight enemies at once.


Message History

You closely miss the adder. You grab the adder. You constrict the adder.
The adder closely misses you.
You hit the adder. Your squeeze misses the adder.
The adder is severely wounded.
You constrict the adder.
You kill the adder!
Your Stealth skill increases to level 4!
You see here an adder corpse.
You now have 156 gold pieces (gained 7).
You now have 162 gold pieces (gained 6).
A gnoll comes into view. It is wielding a +0 spear.
You see here 5 stones.
A gnoll comes into view. It is wielding a +0 flail.
The gnoll shouts!
You hear a shout!
The gnoll moves out of view.
A gnoll comes into view. It is wielding a +0 club.
The gnoll hits you with a +0 spear.
The gnoll shouts!
You hit the gnoll but do no damage. You grab the gnoll.
You constrict the gnoll. The gnoll hits you with a +0 spear!
You hit the gnoll.
The gnoll is heavily wounded.
You constrict the gnoll. The gnoll closely misses you.
You completely miss the gnoll.
The gnoll is severely wounded.
You constrict the gnoll. The gnoll hits you with a +0 spear!
You hit the gnoll.
You kill the gnoll!
The gnoll completely misses you.
You sock the gnoll! Your grab misses the gnoll. You squeeze the gnoll.
You kill the gnoll!
You sock the gnoll! You grab the gnoll.
The gnoll is heavily wounded.
You constrict the gnoll, but do no damage.
The gnoll hits you with a +0 flail!
You hit the gnoll.
The gnoll is almost dead.
You constrict the gnoll, but do no damage.
You block the gnoll's attack. The gnoll hits you with a +0 flail!
You die...

#......#.#.##
#.#........
#.#.#.#.....####
#.#..######
#.#....#.#.#....
.....# #
#.#####......###
####..# # ..
##.#.#.# #...
### ##.##.#
##.#. #†. #.##.#
# #.#.##..
#.##.#####....
........
#.(...@g.....#
#.#.##..
############.# #
#.. ### # . ##


You could see a gnoll.

Vanquished Creatures
  Natasha (thrice) (D:2)
  2 gnolls (D:3)
  7 adders
  A worm (D:2)
  A dart slug (D:1)
  4 ball pythons
  5 endoplasms
  3 giant cockroaches (D:1)
  4 goblins
  A hobgoblin (D:3)
  4 jackals (D:1)
  3 quokkas
  4 bats
  2 frilled lizards
  3 rats
47 creatures vanquished.

Vanquished Creatures (others)
  A plant (D:2)
1 creature vanquished.

Grand Total: 48 creatures vanquished

Notes
Turn   | Place    | Note
-------+----------+-------------------------------------------
     0 | D:1      | BlueFish the Octopode Fighter began the quest for the Orb.
     0 | D:1      | Reached XP level 1. HP: 16/16 MP: 1/1
    47 | D:1      | Reached skill level 1 in Stealth
   133 | D:1      | Reached XP level 2. HP: 21/21 MP: 2/2
   283 | D:1      | Found Elit's Jewellery Boutique.
   566 | D:1      | Reached skill level 2 in Stealth
   566 | D:1      | Reached XP level 3. HP: 26/26 MP: 3/3
   623 | D:2      | Found a white marble altar of Elyvilon.
   644 | D:2      | Noticed Natasha
   693 | D:2      | Killed Natasha
   694 | D:2      | Reached skill level 1 in Throwing
   694 | D:2      | Reached XP level 4. HP: 22/31 MP: 4/4
   799 | D:2      | Reached skill level 3 in Stealth
   938 | D:2      | Noticed Natasha
   943 | D:2      | Killed Natasha
  1061 | D:2      | Noticed Natasha
  1067 | D:2      | Killed Natasha
  1068 | D:2      | Reached XP level 5. HP: 31/36 MP: 5/5
  1108 | D:2      | Found a faded altar of an unknown god.
  1558 | D:3      | Reached skill level 4 in Stealth
  1588 | D:3      | Slain by a gnoll

Illustrated notes

Levels and vault maps discovered:
D:1:      evilmike_arrival_fibonacci_small, layout_basic, serial_shops, shop,
          minmay_pentomino_o4
D:2:      layout_rooms, shapermc_ecumenical_altar_ellora, basic_altar,
          uniq_natasha
D:3:      layout_loops_ring

Skill      XL: |  1  2  3  4  5 |
---------------+----------------+-----
Stealth        | 1 2 3 4 |  4.1
Throwing       | 1 |  1.7
Fighting       | |  3.6
Maces & Flails | |  2.7
Dodging        | |  3.5
Shields        | |  3.6

Action                     |  1- 3 |  4- 6 || total
---------------------------+-------+-------++-------
  Melee: Flail             |    31 |    57 ||    88
         Constrict         |     8 |    12 ||    20
         Tentacles         |     5 |    10 ||    15
         Punch             |       |     1 ||     1
   Stab: Sleeping          |     9 |     9 ||    18
 Armour: Skin              |     3 |     2 ||     5
  Dodge: Dodged            |    24 |    27 ||    51
  Block: Buckler           |     8 |     8 ||    16

Table legend: (Time is in decaauts)
 A = Elapsed time spent in this place.
 B = Non-inter-level travel time spent in this place.
 C = Inter-level travel time spent in this place.
 D = Time resting spent in this place.
 E = Time spent auto-exploring this place.
 F = Levels seen in this place.
 G = Mean time per level.
                   A        B        C        D        E       F      G
               +--------+--------+--------+--------+--------+-----+--------+
         Total |   1633 |   1571 |     62 |     34 |   1169 |   3 |  544.3 |
       Dungeon |   1633 |   1571 |     62 |     34 |   1169 |   3 |  544.3 |
               +--------+--------+--------+--------+--------+-----+--------+

Top non-repeatable levels by time:
     D:2: 693 daAuts
     D:1: 659 daAuts
     D:3: 281 daAuts
